 Dungeon Crawl Stone Soup version 0.22.1-2-g9c5b331 (webtiles) character file.

156 Malhgor the Insei (level 5, -4/38 HPs)
             Began as a Barachi Transmuter on Jan 6, 2019.
             Slain by Sigmund
             ... wielding a +4 scythe
              (13 damage)
             ... on level 2 of the Dungeon.
             The game lasted 00:09:37 (2234 turns).

Malhgor the Insei (Barachi Transmuter)              Turns: 2234, Time: 00:09:37

Health: -4/38      AC:  3    Str: 12    XL:     5   Next: 37%
Magic:  2/8        EV: 12    Int: 14    God:
Gold:   65         SH:  0    Dex: 12    Spells: 2/8 levels left

rFire    . . .     SeeInvis .   j - +2 spear (flame)
rCold    . . .     Gourm    .   (no shield)
rNeg     . . .     Faith    .   b - +0 robe
rPois    .         Spirit   .   g - +0 helmet
rElec    .         Reflect  .   (no cloak)
rCorr    .         Harm     .   (no gloves)
MR       .....                  (no boots)
Stlth    +.........             (no amulet)
HPRegen  0.12/turn              (no ring)
MPRegen  0.11/turn              (no ring)

@: slow
A: +LOS, swims, slowness 1, strong legs 1
a: Hop


You were on level 2 of the Dungeon.
You were hungry.

You visited 1 branch of the dungeon, and saw 3 of its levels.

You collected 65 gold pieces.

Inventory:

Hand Weapons
 j - a +2 spear of flaming (weapon)
Missiles
 a - 55 arrows
 l - 29 stones (quivered)
Armour
 b - a +0 robe (worn)
 g - a +0 helmet (worn)
Scrolls
 c - a scroll of immolation {unknown}
 e - 2 scrolls of amnesia {unknown}
 f - a scroll of fog {unknown}
 h - 3 scrolls of identify {unknown}
Potions
 i - a potion of haste {unknown}
 k - a potion of curing {unknown}
 m - a potion of heal wounds {unknown}
 o - a potion of berserk rage {unknown}
 p - a potion of degeneration {unknown}
 q - a potion of ambrosia {unknown}
Comestibles
 d - 3 rations
 n - 4 chunks of flesh


   Skills:
 + Level 1.7 Fighting
 + Level 0.2 Polearms
 + Level 2.3 Dodging
 - Level 5.0 Unarmed Combat
 - Level 2.1 Spellcasting
 * Level 4.1 Transmutations
 + Level 0.6 Poison Magic


You had 2 spell levels left.
You knew the following spells:

 Your Spells              Type           Power        Failure   Level  Hunger
a - Beastly Appendage     Tmut           ##....       4%          1    #......
b - Sticks to Snakes      Tmut           ##......     6%          2    ###....
c - Spider Form           Tmut/Pois      #.........   26%         3    ###....

Your spell library contained the following spells:

 Spells                   Type           Power        Failure   Level  Hunger
 Ice Form                 Ice/Tmut       #.......     69%         4    #####..
 Blade Hands              Tmut           ##........   75%         5    ######.


Dungeon Overview and Level Annotations

Branches:
Dungeon (3/15)

Altars:
Nemelex Xobeh

Annotations:
D:1 Done
D:2 Sigmund


Innate Abilities, Weirdness & Mutations

Shadows flee at your approach. (+LOS)
You can swim through water.
You cover ground slowly.
You can hop short distances.


Message History

The puff of flame hits you!
You swap places.
The giant cockroach waves its antennae.
Sigmund misses your ball python.
You swap places.
Your ball python bites Sigmund.
Your ball python grabs Sigmund.
Your ball python constricts Sigmund.
Your ball python bites Sigmund.
Your ball python constricts Sigmund.
Sigmund barely misses your ball python.
Your ball python bites Sigmund.
Your ball python constricts Sigmund.
Casting: Sticks to Snakes (safe; 6% risk of failure)
Confirm with . or Enter, or press ? or * to list all spells.
You create a snake!
You now have 55 arrows.
Sigmund hits you with an enchanted scythe!
* * * LOW HITPOINT WARNING * * *
Casting: Sticks to Snakes (safe; 6% risk of failure)
Confirm with . or Enter, or press ? or * to list all spells.
You don't have enough magic to cast that spell.
You are feeling hungry.
Sigmund hits you from afar with an enchanted scythe!
You die...

#####.......#
#######..)......###
........###..##.#
#######.# #.[##.#
#.# #.>##.########
#.# #))...........
#.# #.......#####.
# #.# #.....>....#
. ..# #.....@S##.#
# #.###..#...#@S.#
.# #.........##s###
.# #.####.#####.#
#.# #.#
#.######.#... ##.##
#.#####.#...s......
#...###.
#.........#.####...
........
#######.###@# #...#
.... >.


You could see Sigmund, a friendly adder and a friendly ball python.

Vanquished Creatures
  An orc priest (D:2)
  Jessica (D:2)
  2 gnolls (D:1)
  3 adders (D:2)
  2 oozes (D:1)
  2 worms (D:2)
  A dart slug (D:2)
  A leopard gecko (D:2)
  2 orcs (D:2)
  A giant cockroach (D:1)
  3 goblins (D:2)
  2 hobgoblins (D:2)
  2 jackals (D:2)
  4 kobolds
  6 bats
  A frilled lizard (D:2)
  6 rats
40 creatures vanquished.

Notes
Turn   | Place    | Note
-------+----------+-------------------------------------------
     0 | D:1      | Malhgor the Barachi Transmuter began the quest for the Orb.
     0 | D:1      | Reached XP level 1. HP: 15/15 MP: 3/3
   212 | D:1      | Reached XP level 2. HP: 7/21 MP: 3/5
   420 | D:2      | Noticed Jessica
   425 | D:2      | Killed Jessica
   425 | D:2      | Reached skill level 4 in Unarmed Combat
   425 | D:2      | Reached XP level 3. HP: 17/26 MP: 4/6
   762 | D:1      | HP: 1/26 [gnoll/flail (6)]
  1049 | D:1      | Reached XP level 4. HP: 31/32 MP: 7/7
  1455 | D:2      | Learned a level 2 spell: Sticks to Snakes
  1459 | D:2      | Learned a level 3 spell: Spider Form
  1604 | D:2      | Found a sparkling altar of Nemelex Xobeh.
  1645 | D:2      | Found a sparkling altar of Nemelex Xobeh.
  1698 | D:2      | Found a faded altar of an unknown god.
  1927 | D:2      | Reached XP level 5. HP: 8/38 MP: 8/8
  2199 | D:2      | Reached skill level 5 in Unarmed Combat
  2216 | D:2      | Noticed Sigmund
  2234 | D:2      | Slain by Sigmund

Skill      XL: |  1  2  3  4  5 |
---------------+----------------+-----
Unarmed Combat | 4 5 |  5.0
Transmutations | 3 4 |  4.1
Fighting       | |  1.7
Polearms       | |  0.2
Dodging        | |  2.3
Spellcasting   | |  2.1
Poison Magic   | |  0.6

Action                   |  1- 3 |  4- 6 || total
-------------------------+-------+-------++-------
Melee: Unarmed           |    17 |       ||    17
       Kick              |     2 |     9 ||    11
       Spear             |    15 |   105 ||   120
       Punch             |       |     2 ||     2
Throw: Stone             |       |    35 ||    35
 Cast: Beastly Appendage |     6 |     6 ||    12
       Sticks to Snakes  |       |     4 ||     4
 Abil: Hop               |     1 |       ||     1
 Stab: Sleeping          |     1 |     1 ||     2
  Eat: Chunk             |       |     5 ||     5
Armor: Robe              |     7 |    34 ||    41
Dodge: Dodged            |    17 |    72 ||    89
